 Dungeon Crawl Stone Soup version 0.31-a0-1068-g5939ac1fb6 (webtiles) character file.

Game seed: 14563396698866783027

7177 glassdraggon the Thaumaturge (level 11, -3/74 HPs)
             Began as a Djinni Summoner on Nov 25, 2023.
             Was a Believer of Hepliaklqana.
             Slain by a wolf (7 damage)
             ... on level 2 of the Lair of Beasts on Nov 26, 2023.
             The game lasted 01:24:59 (8021 turns).

glassdraggon the Thaumaturge (Djinni Summoner)      Turns: 8021, Time: 01:24:59

Health: -3/74      AC:  5    Str:  7    XL:     11   Next: 32%
Gold:   623        EV: 14    Int: 21    God:    Hepliaklqana [**....] SH:  5 Dex: 14

rFire   + + +        B - +2 trident (vamp)
rCold   + + .        A - orb {mayhem}
rNeg    . . .        z - +2 robe {rC+ rF+}
rPois   ∞            i - +1 hat
rElec   .            j - scarf {rC+ rF+}
rCorr   .            (no gloves)
SInv    .            (boots unavailable)
Will    ++...        f - amulet of reflection
Stlth   +++          t - ring of protection from cold
HPRegen 0.32/turn    w - ring of willpower
MPRegen 0.00/turn

%: mayhem, reflection, infuse magic (-4 HP)
@: flying, hasted, very quick
A: reduced essence, sickness immunity, fire resistance 2, cold vulnerability 1,
float, innate caster, HP casting, extra vitality 1, robust 1
a: Renounce Religion, Recall Ancestor, Ancestor Identity


You were on level 2 of the Lair of Beasts.
You worshipped Hepliaklqana.
Hepliaklqana was pleased with you.
You visited 3 branches of the dungeon, and saw 11 of its levels.

You collected 623 gold pieces.

Inventory:

Hand Weapons
 h - a +1 short sword of speed
 B - a +2 vampiric trident (weapon)
 I - a +2 trident of venom
Armour
 a - a +0 robe
 i - a +1 hat (worn)
 j - a scarf of resistance (worn)
 z - a +2 robe of resistance (worn)
 A - an orb of mayhem (worn)
Jewellery
 f - an amulet of reflection (around neck)
 t - a ring of protection from cold (left hand)
 w - a ring of willpower (right hand)
 F - a ring of protection from fire
Wands
 e - a wand of flame (35)
 q - a wand of roots (10)
 E - a wand of charming (15)
Scrolls
 b - a scroll of amnesia
 g - 3 scrolls of noise
 k - 2 scrolls of immolation {unknown}
 l - a scroll of fog
 m - 2 scrolls of enchant armour {unknown}
 o - a scroll of vulnerability
 r - 2 scrolls of enchant weapon {unknown}
 u - a scroll of blinking {unknown}
 y - a scroll of revelation {unknown}
 G - a scroll of silence {unknown}
Potions
 c - 2 potions of mutation
 d - 2 potions of curing
 p - a potion of attraction
 s - 2 potions of might
 v - 4 potions of brilliance
 D - a potion of berserk rage
 H - a potion of resistance
 J - a potion of degeneration {unknown}


   Skills:
 + Level 4.5 Fighting
 + Level 1.2 Long Blades
 + Level 4.8 Polearms
 + Level 5.8 Dodging
 + Level 6.0 Stealth
 + Level 1.9 Shields
 + Level 9.8 Spellcasting
 + Level 9.8 Conjurations
 + Level 9.8 Hexes
 + Level 9.8 Summonings
 + Level 9.8 Necromancy
 + Level 9.8 Translocations
 + Level 9.8 Transmutations
 + Level 9.8 Fire Magic
 + Level 9.8 Ice Magic
 + Level 9.8 Air Magic
 + Level 9.8 Earth Magic
 + Level 9.8 Poison Magic


You knew the following spells:

 Your Spells              Type           Power      Damage    Failure   Level
a - Summon Small Mammal   Summ           100%       N/A       1%          1
b - Call Imp              Summ           100%       N/A       1%          2
c - Call Canine Familiar  Summ           51%        N/A       1%          3
d - Summon Guardian Gole  Hex/Summ       51%        N/A       1%          3
e - Summon Lightning Spi  Summ/Air       51%        N/A       1%          4
f - Sandblast             Erth           100%       2d20      1%          1
g - Searing Ray           Conj           100%       2d8       1%          2
h - Momentum Strike       Conj/Tloc      100%       3d10      1%          2
i - Dimensional Bullseye  Hex/Tloc       25%        N/A       1%          4
j - Irradiate             Conj/Tmut      25%        3d20      3%          5
Your spell library was empty.

Dungeon Overview and Level Annotations

Branches:
Dungeon (8/15)             Temple (1/1) D:6            Lair (2/5) D:8
 Shoals (0/4) Lair:2
  Snake: Lair:2-3    Spider: Lair:2-3

Altars:
Ashenzari
Cheibriados
Hepliaklqana
Makhleb
Okawaru
Trog
Uskayaw
Wu Jian
Xom
Yredelemnul
The Shining One

Shops:
D:5 (


Innate Abilities, Weirdness & Mutations

Your life essence is reduced to manifest your ancestor. (-10% HP)
You are immune to sickness and miasma.
You are immune to poison.
Your flesh is very heat resistant. (rF++)
You are vulnerable to cold. (rC-)
You float through the air rather than walking.
You learn spells naturally, not from books.
Your magical power is your life essence.
You have superior vitality. (+4 MHP)
You are robust. (+10% HP)


Message History

Your cerulean imp hits the komodo dragon with a +1 spear.
The wolf bites you.
Your wolf bites the wolf but does no damage.
The wolf bites your wolf! The wolf attacks as it pursues you!
The wolf closely misses you. The wolf bites your wolf.
The wolf attacks as it pursues you! The wolf barely misses you.
Your cerulean imp hits the komodo dragon with a +1 spear.
The bullfrog misses your wolf. The wolf attacks as it pursues you!
The wolf bites you.
Your cerulean imp hits the komodo dragon but does no damage.
The wolf completely misses you. The wolf attacks as it pursues you!
The wolf closely misses you.
Your wolf bites the wolf!
The wolf attacks as it pursues you! The wolf bites you. The wolf bites you.
The wolf closely misses you. The wolf attacks as it pursues you!
The wolf closely misses you. The wolf attacks as it pursues you!
The wolf barely misses you.
Your wolf barely misses the wolf.
The wolf attacks as it pursues you! The wolf misses you.
The wolf attacks as it pursues you! The wolf bites you!
* * * LOW HITPOINT WARNING * * *
The bullfrog completely misses your wolf.
The wolf barely misses you. The wolf bites you but does no damage.
Your wolf closely misses the wolf.
The wolf attacks as it pursues you! The wolf bites you.
* * * LOW HITPOINT WARNING * * *
The bullfrog hits your wolf. The wolf misses you.
Your wolf closely misses the bullfrog.
The bullfrog barely misses your wolf.
Your wolf bites the bullfrog!
Your wolf bites the bullfrog!
The bullfrog barely misses your wolf. The wolf attacks as it pursues you!
The wolf bites you!
* * * LOW HITPOINT WARNING * * *
Your wolf bites the bullfrog!
The bullfrog dies!
The air fills with toxic fumes!
As you read the scroll of poison, it crumbles to dust.
Raikken emerges from the mists of memory!
The wolf bites you!
You die...

............)..#
.#####.####§§§#§§§§§§
.#~~~#.#~~~#§§§#§§§§
#~~~###~~≈#§§§§§§§§
##~~~#~#~~~##§§§§§§P
#~###'~####~#§§§§§##
#~~~#~~~#~~~#§§§§§#
#≈~~#~>~#~≈≈#§§R§P#
#~~~#~~~#~~~#§§§@§#### #########
#~####~'###~#§§§hh##.####.......#
##~~~#~#~≈~##§§§§§§§............#
.#≈~~###~~~#§§§§§§h§§§..........#
.#~~~#.#~~~#§§§§§F§§§h§§...~P~###
.'####.#####§§§§§§§§§§§§...P~~♣#
...........§§§§§§§§§l§§§....PP~♣
..........§§§§§§§§§§§§§§...~~~~♣#
...........................P~~~~#


You could see the friendly Raikken the knight, a komodo dragon, a cane toad, 3
wolves and a friendly wolf (summoned).

Vanquished Creatures
  An elephant (D:8)
  Duvessa (D:7)
  An ice beast (D:5)
  An orc warrior (D:6)
  A bullfrog (Lair:2)
  A scorpion (D:7)
  An iguana (D:4)
  An orc wizard (D:5)
  A white imp (D:7)
  4 orcs
  A ball python (D:1)
  A goblin (D:3)
  A hobgoblin (D:3)
  3 jackals (D:1)
  2 quokkas
21 creatures vanquished.

Vanquished Creatures (collateral kills)
  A hydra (Lair:2)
  A two-headed ogre (D:8)
  A cane toad (Lair:1)
  Joseph (D:7)
  Jeremiah (D:6)
  A komodo dragon (Lair:2)
  2 merfolk (Lair:2)
  8 yaks
  A wyvern (Lair:1)
  A basilisk (Lair:2)
  Menkaure (D:6)
  A water moccasin (Lair:2)
  An ice beast (D:6)
  2 black bears
  An ogre (D:6)
  A wolf (Lair:2)
  A phantom (D:3)
  3 bullfrogs
  5 scorpions
  Dowan (D:7)
  3 killer bees (D:7)
  2 howler monkeys
  A hound (D:6)
  2 jellies
  4 orc priests
  A gnoll bouda (D:6)
  2 iguanas
  2 sleepcaps (D:6)
  7 orc wizards
  9 gnolls
  4 adders
  3 worms
  3 dart slugs
  21 orcs
  8 ball pythons
  A bat (D:3)
  8 endoplasms
  5 giant cockroaches
  7 goblins
  5 hobgoblins
  8 jackals
  A quokka (D:4)
  7 frilled lizards (D:2)
  6 kobolds
  2 rats
157 creatures vanquished.

Vanquished Creatures (others)
  A knight (Lair:2)
1 creature vanquished.

Grand Total: 179 creatures vanquished

Notes
Turn   | Place    | Note
-------+----------+-------------------------------------------
     0 | D:1      | glassdraggon the Djinni Summoner began the quest for the
                  | Orb.
     0 | D:1      | glassdraggon set off with the following spells memorised:
                  | Summon Small Mammal, Call Imp, Call Canine Familiar, Summon
                  | Guardian Golem, Summon Lightning Spire.
     0 | D:1      | Reached XP level 1. HP: 15/15 MP: 0/0
   132 | D:1      | Reached XP level 2. HP: 21/21 MP: 0/0
   711 | D:1      | Reached XP level 3. HP: 24/25 MP: 0/0
   711 | D:1      | Learned a level 1 spell: Sandblast
   808 | D:2      | Found a burning altar of Makhleb.
   902 | D:2      | Reached skill level 1 in Long Blades
   954 | D:2      | Reached XP level 4. HP: 19/31 MP: 0/0
  1358 | D:3      | Identified the +0 leather armour of the Tuna {Regen+ Str+4
                  | Int-5}
  1404 | D:3      | Reached XP level 5. HP: 9/36 MP: 0/0
  1404 | D:3      | Learned a level 2 spell: Searing Ray
  1700 | D:3      | Gained mutation: You are robust. (+10% HP) [potion of
                  | mutation]
  1746 | D:3      | Noticed a phantom
  1757 | D:3      | Killed a phantom
  1758 | D:3      | Reached skill level 1 in Shields
  1758 | D:3      | Reached XP level 6. HP: 32/45 MP: 0/0
  1793 | D:3      | Found a glowing golden altar of the Shining One.
  2241 | D:3      | Found an ornate altar of the Wu Jian Council.
  3122 | D:4      | Reached skill level 1 in Fighting
  3122 | D:4      | Reached XP level 7. HP: 48/51 MP: 0/0
  3122 | D:4      | Learned a level 2 spell: Momentum Strike
  3203 | D:5      | Entered Level 5 of the Dungeon
  3234 | D:5      | Reached skill level 1 in Polearms
  3570 | D:5      | Reached skill level 5 in Spellcasting
  3570 | D:5      | Reached skill level 5 in Conjurations
  3570 | D:5      | Reached skill level 5 in Hexes
  3570 | D:5      | Reached skill level 5 in Summonings
  3570 | D:5      | Reached skill level 5 in Necromancy
  3570 | D:5      | Reached skill level 5 in Translocations
  3570 | D:5      | Reached skill level 5 in Transmutations
  3570 | D:5      | Reached skill level 5 in Fire Magic
  3570 | D:5      | Reached skill level 5 in Ice Magic
  3570 | D:5      | Reached skill level 5 in Air Magic
  3570 | D:5      | Reached skill level 5 in Earth Magic
  3570 | D:5      | Reached skill level 5 in Poison Magic
  3701 | D:5      | Found Plog's Weapon Shoppe.
  3837 | D:5      | Reached XP level 8. HP: 59/59 MP: 0/0
  4483 | D:6      | Reached XP level 9. HP: 41/63 MP: 0/0
  4483 | D:6      | Learned a level 4 spell: Dimensional Bullseye
  4602 | D:6      | Found a staircase to the Ecumenical Temple.
  4611 | Temple   | Entered the Ecumenical Temple
  4799 | Temple   | Became a worshipper of Hepliaklqana the Forgotten
  4892 | D:6      | Noticed Jeremiah
  4896 | D:6      | Noticed Menkaure
  5074 | D:6      | Killed Menkaure
  5280 | D:6      | Killed Jeremiah
  5736 | D:7      | Noticed Duvessa
  5742 | D:7      | Reached skill level 5 in Stealth
  5742 | D:7      | Noticed Dowan
  5749 | D:7      | Killed Duvessa
  5753 | D:7      | Killed Dowan
  6215 | D:7      | Noticed Joseph
  6229 | D:7      | Killed Joseph
  6306 | D:7      | You are sucked into a shaft and drop 1 floor!
  6321 | D:8      | Found an iron altar of Okawaru.
  6385 | D:8      | Reached XP level 10. HP: 42/73 MP: 0/0
  6394 | D:8      | Noticed a two-headed ogre
  6405 | D:8      | Noticed an elephant
  6845 | D:8      | Reached * piety under Hepliaklqana
  6871 | D:8      | Killed a two-headed ogre
  6939 | D:8      | Killed an elephant
  6940 | D:8      | Reached skill level 5 in Dodging
  6995 | D:8      | Found a staircase to the Lair.
  7016 | Lair:1   | Entered Level 1 of the Lair of Beasts
  7438 | Lair:1   | Noticed a cane toad
  7448 | Lair:1   | Killed a cane toad
  7449 | Lair:1   | Reached XP level 11. HP: 66/73 MP: 0/0
  7449 | Lair:1   | Learned a level 5 spell: Irradiate
  7606 | Lair:2   | Reached ** piety under Hepliaklqana
  7642 | Lair:2   | Remembered your ancestor Raikken as a knight
  7852 | Lair:2   | Found a staircase to the Shoals.
  7974 | Lair:2   | Noticed a seven-headed hydra
  7985 | Lair:2   | Killed a seven-headed hydra
  8021 | Lair:2   | Slain by a wolf

Illustrated notes

Levels and vault maps discovered:
D:1:      dpeg_arrival_simpleton_b, layout_basic, nicolae_titane
D:2:      layout_rooms, basic_altar, minmay_misc_feat_four_crosses,
          minmay_lizard_pond
D:3:      layout_loops_ring, lemuel_round_altar, nicolae_tso_swordbearing_angel,
          serial_co_window_serial, co_window_paths_a, co_window_paths_a,
          co_window_of_opportunity_a, co_window_paths_b, co_window_corner_a,
          co_window_corner_b, co_window_broadway_a, co_window_unsneaky_path_e,
          co_window_corner_ca, co_window_of_opportunity_c, glass_columns_a,
          glass_columns_a, glass_columns_b, minivault_23
D:4:      layout_loops_cross
D:5:      layout_loops_ring, serial_shops, nicolae_lakefront_shop
D:6:      layout_basic, temple_hall, uniq_menkaure, uniq_jeremiah
D:7:      layout_rooms, water_boxes_lemuel, uniq_joseph, uniq_duvessa
D:8:      layout_cave_pools, grunt_gozag_breadcrumbs, kennysheep_mini_moat,
          zin_scriptorium, mainiacjoe_overflow_boulevard,
          grunt_lair_entry_orc_guard_hut
Temple:   hellmonk_temple_beads
Lair:1:   layout_cave_shapes
Lair:2:   layout_hall_layers, elwin_shoals_entry_rooms, grunt_megastairs_1,
          serial_bayou_shore_b

Skill      XL: |  1  2  3  4  5  6  7  8  9 10 11 |
---------------+----------------------------------+-----
Stealth        | 2 3 4 5 6 |  6.0
Long Blades    | 1 |  1.2
Dodging        | 3 4 5 |  5.8
Shields        | 1 |  1.9
Spellcasting   | 4 5 6 7 9 |  9.8
Conjurations   | 4 5 6 7 9 |  9.8
Hexes          | 4 5 6 7 9 |  9.8
Summonings     | 4 5 6 7 9 |  9.8
Necromancy     | 4 5 6 7 9 |  9.8
Translocations | 4 5 6 7 9 |  9.8
Transmutations | 4 5 6 7 9 |  9.8
Fire Magic     | 4 5 6 7 9 |  9.8
Ice Magic      | 4 5 6 7 9 |  9.8
Air Magic      | 4 5 6 7 9 |  9.8
Earth Magic    | 4 5 6 7 9 |  9.8
Poison Magic   | 4 5 6 7 9 |  9.8
Fighting       | 1 2 3 4 |  4.5
Polearms       | 1 3 4 |  4.8

Action                     |  1- 3 |  4- 6 |  7- 9 | 10-12 || total
---------------------------+-------+-------+-------+-------++-------
  Melee: Unarmed           |     1 |       |       |       ||     1
         Falchion          |    21 |    11 |       |       ||    32
         Trident           |       |    13 |    54 |     9 ||    76
         Short sword       |       |    13 |       |       ||    13
   Cast: Summon Small Mamm |    40 |    11 |    19 |    25 ||    95
         Call Canine Famil |     5 |    22 |    53 |    15 ||    95
         Call Imp          |     3 |    19 |    35 |    18 ||    75
         Summon Lightning  |       |     3 |    13 |     8 ||    24
         Sandblast         |       |       |     1 |       ||     1
         Searing Ray       |       |       |     5 |     6 ||    11
         Summon Guardian G |       |       |     1 |       ||     1
 Invoke: Ancestor Identity |       |       |       |     1 ||     1
         Recall Ancestor   |       |       |       |     1 ||     1
         Ancestor Life: Kn |       |       |       |     1 ||     1
    Use: Potion            |       |     3 |       |     3 ||     6
         Scroll            |       |     5 |     3 |     8 ||    16
   Stab: Distracted        |       |       |     2 |     1 ||     3
 Armour: Robe              |    23 |    15 |    40 |    31 ||   109
  Dodge: Dodged            |    23 |    14 |    33 |    43 ||   113
  Block: Other             |     1 |    11 |     8 |       ||    20
         Reflection        |       |     1 |     1 |       ||     2
         Form:             |       |     1 |       |       ||     1
         Maw               |       |     1 |       |       ||     1

Table legend: (Time is in decaauts)
 A = Elapsed time spent in this place.
 B = Non-inter-level travel time spent in this place.
 C = Inter-level travel time spent in this place.
 D = Time resting spent in this place.
 E = Time spent auto-exploring this place.
 F = Levels seen in this place.
 G = Mean time per level.
                   A        B        C        D        E       F      G
               +--------+--------+--------+--------+--------+-----+--------+
         Total |   8020 |   3513 |   4507 |     45 |      0 |  11 |  729.1 |
       Dungeon |   6806 |   3040 |   3766 |      0 |      0 |   8 |  850.8 |
        Temple |    213 |      5 |    208 |      0 |      0 |   1 |  213.0 |
          Lair |   1000 |    467 |    533 |     45 |      0 |   2 |  500.0 |
               +--------+--------+--------+--------+--------+-----+--------+

Top non-repeatable levels by time:
     D:6: 1374 daAuts
     D:3: 1070 daAuts
     D:7: 1015 daAuts
     D:5: 928 daAuts
     D:1: 812 daAuts
     D:4: 774 daAuts
     D:2: 550 daAuts
  Lair:1: 501 daAuts
  Lair:2: 498 daAuts
     D:8: 280 daAuts
  Temple: 213 daAuts
